 Dungeon Crawl Stone Soup version 0.18-a0-1229-ge9a1a01 (webtiles) character file.

1695 HEYYEYAAE the Cudgeler (level 8, 0/79 HPs)
             Began as a Troll Berserker on Feb 4, 2016.
             Was an Initiate of Cheibriados.
             Slain by Pikel the black bear (3 damage)
             ... on level 7 of the Dungeon.
             The game lasted 00:10:58 (4890 turns).

HEYYEYAAE the Cudgeler (Troll Berserker)            Turns: 4890, Time: 00:10:58

Health: 0/79       AC: -1    Str: 29    XL:     8   Next: 72%
Magic:  9/9        EV: 11    Int:  4    God:    Cheibriados [......]
Gold:   351        SH:  0    Dex: 10    Spells: 0 memorised, 7 levels left

rFire  . . .     SeeInvis .     B - +2 dire flail (freeze)
rCold  + . .     Gourm    +     b - +1 animal skin
rNeg   . . .     Faith    .     (shield currently unavailable)
rPois  .         Spirit   .     (helmet restricted)
rElec  .         Dismiss  .     (no cloak)
rCorr  .         Reflect  .     (gloves unavailable)
SustAt .         Harm     .     (boots unavailable)
MR     .....                    (no amulet)
Stlth  +.........               w - ring of protection from cold
                                G - +3 ring of slaying

@: corroded equipment, very slightly contaminated, very slow, not resistant to
hostile enchantments, very unstealthy
A: unfitting armour, claws 3, fast metabolism 3, gourmand, regeneration 2,
shaggy fur 1, tough skin 2
a: Bend Time, Renounce Religion


You were on level 7 of the Dungeon.
You worshipped Cheibriados.
Cheibriados was noncommittal.
You were not hungry.

You visited 2 branches of the dungeon, and saw 8 of its levels.

You collected 351 gold pieces.

Inventory:

Hand Weapons
 g - a +1 dagger of venom
 B - a +2 dire flail of freezing (weapon)
Armour
 b - a +1 animal skin (worn)
Jewellery
 m - an uncursed ring of resist corrosion
 p - an uncursed ring of positive energy
 w - a ring of protection from cold (right claw)
 G - a +3 ring of slaying (left claw)
Wands
 C - a wand of lightning (6/15)
 I - a wand of polymorph (0/24)
Scrolls
 a - a scroll of remove curse {unknown}
 i - 2 scrolls of recharging
 j - 2 scrolls of enchant weapon
 s - a scroll of fog
 v - 2 scrolls of random uselessness
 y - 4 scrolls of magic mapping
 D - a scroll of silence {unknown}
 E - a scroll of fear {unknown}
 F - a scroll of teleportation {unknown}
 H - a scroll of identify
Potions
 d - a potion of magic
 h - a potion of curing
 k - a potion of might
 l - 2 potions of cancellation
 o - a potion of cure mutation
 r - a potion of lignification {unknown}
 t - a potion of mutation {unknown}
 x - a potion of berserk rage {unknown}
Comestibles
 c - 6 bread rations
 f - a meat ration
 z - a fruit
 A - a beef jerky
 J - a slice of pizza


   Skills:
 + Level 4.9 Fighting
 * Level 6.5 Maces & Flails
 + Level 3.3 Armour
 + Level 4.6 Dodging
 + Level 2.7 Evocations


You had 7 spell levels left.
You didn't know any spells.

Dungeon Overview and Level Annotations

Branches:
Dungeon (7/15)             Temple (1/1) D:6

Altars:
Ashenzari
Cheibriados
Elyvilon
Fedhas
Kikubaaqudgha
Okawaru
Qazlal
Ru
Trog
Vehumet
Xom
Yredelemnul
The Shining One

Annotations:
D:7 Pikel


Innate Abilities, Weirdness & Mutations

You are too large for most types of armour.
You have claws for hands.
Your metabolism is lightning-fast.
You like to eat raw meat.
You heal very quickly.
You are covered in fur (AC +1).
You have very tough skin (AC +2).


Message History

You hear a mighty clap of thunder!
The bolt of lightning hits Pikel.
Pikel is severely wounded.
This wand has 7 charges left.
Pikel closely misses you. Pikel claws you.
* * * LOW HITPOINT WARNING * * *
Pikel claws you.
* * * LOW HITPOINT WARNING * * *
Evoke which item? (* to show all) (? for menu, Esc to quit)
Zapping:
C - a wand of lightning (7/15)
Press: ? - help, Shift-Dir - straight line, f/p - Pikel
Aim: Pikel the black bear (grey smoke, severely wounded)
You hear a mighty clap of thunder!
The bolt of lightning hits Pikel.
Pikel is almost dead.
This wand has 6 charges left.
Pikel bites you!
* * * LOW HITPOINT WARNING * * *
Pikel claws you.
* * * LOW HITPOINT WARNING * * *
Pikel claws you.
You die...

#.#..#.#......##..(..
#.#....#......##.....
#.##.###......#######
#.##[###......#
#.............#
#...............
#..§§§..####....
#########h#### ...
#....##§§@# .
#....##§§§#
#.......§§#
#....##...#####
#....#.)......#
#....#....###.#
####.#.#### #.#.#
#.#.#


You could see Pikel the black bear.

Vanquished Creatures
  Joseph (D:7)
  A water moccasin (D:7)
  4 slaves (D:7)
  A phantom (D:6)
  A necrophage (D:6)
  4 giant frogs
  A scorpion (D:5)
  3 wights (D:5)
  3 crimson imps
  A quasit (D:7)
  A jelly (D:6)
  2 hounds
  An orc wizard (D:6)
  6 worker ants
  A hound zombie (D:5)
  11 adders
  A shadow imp (D:6)
  An ooze (D:1)
  3 adder skeletons
  4 worms
  7 giant geckos
  11 orcs
  5 giant cockroaches
  13 goblins
  3 hobgoblins
  3 jackals (D:5)
  5 quokkas
  10 bats
  A giant gecko skeleton (D:5)
  7 giant newts
  8 kobolds
  14 rats
138 creatures vanquished.

Notes
Turn   | Place    | Note
--------------------------------------------------------------
     0 | D:1      | HEYYEYAAE the Troll Berserker began the quest for the Orb.
     0 | D:1      | Reached XP level 1. HP: 22/22 MP: 0/0
   126 | D:1      | Reached XP level 2. HP: 26/29 MP: 1/1
   174 | D:1      | Reached skill level 3 in Maces & Flails
   387 | D:1      | Reached ** piety under Trog
   603 | D:1      | Reached XP level 3. HP: 36/36 MP: 2/2
   945 | D:2      | Found a radiant altar of Vehumet.
  1056 | D:2      | Reached XP level 4. HP: 38/45 MP: 3/3
  1189 | D:2      | Found a bloodstained altar of Trog.
  1276 | D:2      | Reached skill level 1 in Armour
  1485 | D:3      | Found a glowing golden altar of the Shining One.
  1516 | D:3      | Found a white marble altar of Elyvilon.
  1642 | D:3      | Reached *** piety under Trog
  2022 | D:3      | Reached skill level 4 in Maces & Flails
  2022 | D:3      | Reached XP level 5. HP: 53/53 MP: 4/4
  2194 | D:4      | Found an ancient bone altar of Kikubaaqudgha.
  2824 | D:5      | Entered Level 5 of the Dungeon
  2857 | D:5      | Reached XP level 6. HP: 40/61 MP: 5/5
  3228 | D:5      | Reached skill level 1 in Evocations
  3232 | D:5      | Reached XP level 7. HP: 55/70 MP: 6/6
  3579 | D:6      | Reached skill level 5 in Maces & Flails
  3876 | D:6      | Reached XP level 8. HP: 74/78 MP: 8/8
  4158 | D:6      | Found a staircase to the Ecumenical Temple.
  4347 | Temple   | Entered the Ecumenical Temple
  4361 | Temple   | Fell from the grace of Trog
  4361 | Temple   | Became a worshipper of Cheibriados the Contemplative
  4472 | D:7      | Noticed Joseph
  4524 | D:7      | Killed Joseph
  4524 | D:7      | Reached skill level 6 in Maces & Flails
  4839 | D:7      | Noticed Pikel
  4885 | D:7      | Noticed Pikel
  4885 | D:7      | Pikel changed into Pikel the black bear
  4890 | D:7      | HP: 3/79 [Pikel the black bear (1)]
  4890 | D:7      | Slain by Pikel the black bear

Vault maps used:
D:1:      dpeg_arrival_rhombi
D:2:      nicolae_overflow_hidden_temple, vehumet_crystals, lemuel_doored_altar,
          st_stairs_9
D:3:      lemuel_crystal_altar, first_bread, tso_metal_star
D:4:      kiku_gazebo_garden_becter
D:6:      minmay_temple_entry_glassed_door
D:7:      uniq_joseph, uniq_pikel
Temple:   circular_temple_12

Action                   |  1- 3 |  4- 6 |  7- 9 || total
-------------------------+-------+-------+-------++-------
Melee: Mace              |   146 |       |       ||   146
       Flail             |    17 |   177 |       ||   194
       Dire flail        |       |    16 |   164 ||   180
Evoke: Wand              |       |     3 |     5 ||     8
  Use: Scroll            |       |     6 |    10 ||    16
       Potion            |       |     1 |     4 ||     5
 Stab: Sleeping          |     1 |       |       ||     1
  Eat: Chunk             |    11 |    16 |    16 ||    43
       Bread ration      |     1 |       |       ||     1
